 Seeded DCSS version 0.30.1-9-gdf580d7c3d (webtiles) character file.

Game seed: 7229806256980976716 (custom seed)

185933 Psyclone the Eclecticist (level 18, -3/152 HPs)
             Began as an Octopode Venom Mage on Oct 3, 2023.
             Was an Initiate of Gozag.
             Killed from afar by Roxanne (50 damage)
             ... with an iron shot
             ... on level 1 of the Snake Pit on Oct 4, 2023.
             The game lasted 02:59:20 (40625 turns).

Psyclone the Eclecticist (Octopode Venom Mage)     Turns: 40625, Time: 02:59:20

Health: -3/152     AC: 40    Str: 11    XL:     18   Next: 4%
Magic:  19/49      EV: 14    Int: 44    God:    Gozag
Gold:   4161       SH:  0    Dex:  8    Spells: 7/53 levels left

rFire   + . .        a - +3 Elemental Staff {rElec rF+ rC+ AC+3}
rCold   + + +        (no shield)
rNeg    + + .        (helmet restricted)
rPois   ∞            (no amulet)
rElec   +            e - ring of the Mage {Wiz Archmagi}
rCorr   +            f - ring "Yjoxom" {Contam rPois rC++ MP+9 Int+8 Dex-4}
SInv    +            L - ring of positive energy
Will    +....        M - ring of resist corrosion
Stlth   +++          Q - +6 ring of intelligence
HPRegen 0.45/turn    R - +6 ring of intelligence
MPRegen 0.31/turn    S - ring of wizardry
                     (no ring)

%: wizardry (x2), archmagi
@: statue-form, studying Hexes, very slow
A: slow and powerful, torment resistance 1, boosted hp, almost no armour,
amphibious, 8 rings, camouflage 1, (gelatinous body 1), (nimble swimmer 1),
tentacles, see invisible, strong 1, wild magic 1
}: 1/15 runes: decaying
a: End Transformation, Renounce Religion, Potion Petition, Call Merchant, Bribe
Branch


You were on level 1 of the Snake Pit.
You worshipped Gozag.
Gozag was most pleased with you.
You were a living statue of rough stone.
You visited 5 branches of the dungeon, and saw 27 of its levels.
You also visited: Ossuary, Bailey and Ice Cave.

You collected 11368 gold pieces.
You spent 4950 gold pieces at shops.
You paid 2257 gold pieces to Gozag.

Inventory:

Hand Weapons
 a - the +3 Elemental Staff (weapon) {rElec rF+ rC+ AC+3}
   (You acquired it on level 1 of the Dungeon)

   It enhances your fire, ice, earth and air magic.
   AC:        It affects your AC (+3).
   rF:        It protects you from fire.
   rC:        It protects you from cold.
   rElec:     It insulates you from electricity.
 W - the +3 sling of the Vulture {heavy, +Blink rElec rPois rC+}
   (You found it in an ice cave)

   rC:        It protects you from cold.
   rElec:     It insulates you from electricity.
   rPois:     It protects you from poison.
   +Blink:    It lets you blink.
Missiles
 h - 3 throwing nets {!f}
Jewellery
 e - the ring of the Mage (left tentacle) {Wiz Archmagi}
   (You acquired it on level 1 of the Dungeon)

   [ring of wizardry]

   It improves your spell success rate.
   Archmagi:  It increases the power of your magical spells.
 f - the ring "Yjoxom" (right tentacle) {Contam rPois rC++ MP+9 Int+8 Dex-4}
   (You acquired it on level 1 of the Dungeon)

   [ring of magical power]

   Int:       It affects your intelligence (+8).
   Dex:       It affects your dexterity (-4).
   rC:        It greatly protects you from cold.
   rPois:     It protects you from poison.
   MP:        It affects your magic capacity (+9).
   Contam:    It causes magical contamination when unequipped.
 L - a ring of positive energy (on tentacle)
 M - a ring of resist corrosion (on tentacle)
 Q - a +6 ring of intelligence (on tentacle)
 R - a +6 ring of intelligence (on tentacle)
 S - a ring of wizardry (on tentacle)
 X - the ring "Wonnuxuv" {Ice rCorr MP+9 Str-2 SInv}
   (You found it in an ice cave)

   [ring of ice]

   It enhances your ice magic.
   Str:       It affects your strength (-2).
   rF:        It makes you vulnerable to fire.
   rC:        It protects you from cold.
   MP:        It affects your magic capacity (+9).
   SInv:      It lets you see invisible.
   rCorr:     It protects you from acid and corrosion.
Wands
 H - a wand of digging (5)
 N - a wand of charming (41)
 P - a wand of iceblast (32)
 T - a wand of mindburst (6)
 U - a wand of acid (5)
 V - a wand of flame (19)
Scrolls
 b - 9 scrolls of amnesia
 d - 5 scrolls of blinking
 j - 4 scrolls of enchant armour
 k - 10 scrolls of teleportation
 p - 6 scrolls of poison
 r - 4 scrolls of brand weapon
 x - a scroll of butterflies
 y - 3 scrolls of fog
 z - 15 scrolls of vulnerability
 B - 5 scrolls of silence {!r}
 C - 7 scrolls of magic mapping
 F - 5 scrolls of fear
 I - 6 scrolls of enchant weapon
 K - 6 scrolls of immolation
 O - 3 scrolls of noise
Potions
 c - a potion of magic
 i - 8 potions of might
 l - 17 potions of curing
 m - 3 potions of invisibility
 n - 6 potions of brilliance
 o - 5 potions of mutation
 q - 3 potions of cancellation
 s - 8 potions of attraction
 t - 5 potions of lignification
 u - 5 potions of heal wounds
 v - 7 potions of flight
 w - 3 potions of berserk rage
 A - 3 potions of ambrosia
 D - 5 potions of degeneration
 E - 2 potions of resistance
 G - 4 potions of haste


   Skills:
 + Level 8.8 Fighting
 - Level 9.0 Dodging
 - Level 2.6 Stealth
 - Level 18.0 Spellcasting
 - Level 9.0 Conjurations
 - Level 9.0 Hexes
 - Level 6.0 Necromancy
 - Level 6.0 Translocations
 - Level 8.8 Transmutations
 + Level 6.2 Fire Magic
 - Level 9.0 Ice Magic
 - Level 9.0 Air Magic
 + Level 6.1 Earth Magic
 - Level 9.0 Poison Magic


You had 7 spell levels left.
You knew the following spells:

 Your Spells              Type           Power      Damage    Failure   Level
a - Poisonous Vapours     Pois/Air       100%       N/A       1%          2
b - Dispel Undead         Necr           100%       3d31      1%          4
c - Statue Form           Tmut/Erth      94%        N/A       1%          6
d - Mephitic Cloud        Conj/Pois/Air  100%       N/A       1%          3
e - Iskenderun's Mystic   Conj/Tloc      100%       2d19      1%          4
f - Freezing Cloud        Conj/Ice/Air   87%        6-21      1%          5
g - Arcjolt               Conj/Air       74%        1d84      1%          5
h - Lesser Beckoning      Tloc           100%       N/A       1%          2
q - Blink                 Tloc           100%       N/A       1%          2
r - Swiftness             Air            100%       N/A       1%          3
s - Ignite Poison         Fire/Tmut/Pois 100%       N/A       1%          3
v - Sting                 Tmut/Pois      100%       1d8       1%          1
x - Olgreb's Toxic Radia  Pois           100%       N/A       1%          4
y - Cigotuvi's Dreadful   Necr/Pois/Air  100%       N/A       1%          2

Your spell library contained the following spells:

 Spells                   Type           Power      Damage    Failure   Level
 Kiss of Death            Conj/Necr      100%       2d13      1%          1
 Necrotise                Necr           100%       1d9       1%          1
 Shock                    Conj/Air       100%       1d9       1%          1
 Summon Small Mammal      Summ           100%       N/A       1%          1
 Ensorcelled Hibernation  Hex/Ice        100%       N/A       1%          2
 Momentum Strike          Conj/Tloc      100%       3d10      1%          2
 Passwall                 Tmut/Erth      100%       N/A       1%          2
 Sublimation of Blood     Necr           100%       N/A       1%          2
 Call Canine Familiar     Summ           67%        N/A       1%          3
 Confusing Touch          Hex            100%       N/A       1%          3
 Dazzling Flash           Conj/Hex       100%       N/A       1%          3
 Inner Flame              Hex/Fire       100%       N/A       1%          3
 Summon Guardian Golem    Hex/Summ       100%       N/A       1%          3
 Volatile Blastmotes      Fire/Tloc      100%       2d18      1%          3
 Flame Wave               Conj/Fire      100%       2d21      1%          4
 Fulminant Prism          Conj/Hex       62%        3d26      1%          4
 Petrify                  Tmut/Erth      100%       N/A       1%          4
 Sticky Flame             Conj/Fire      100%       2d11      1%          4
 Agony                    Necr           100%       N/A       1%          5
 Blade Hands              Tmut           62%        N/A       1%          5
 Irradiate                Conj/Tmut      62%        3d32      1%          5
 Lee's Rapid Deconstruct  Erth           67%        3d30*     1%          5
 Metabolic Englaciation   Hex/Ice        74%        N/A       1%          5
 Silence                  Hex/Air        74%        N/A       1%          5
 Conjure Ball Lightning   Conj/Air       74%        3x3d27    1%          6
 Eringya's Noxious Bog    Tmut/Pois      62%        N/A       1%          6
 Summon Forest            Summ/Tloc      45%        N/A       2%          5
 Death Channel            Necr           55%        N/A       3%          6
 Dragon Form              Tmut           62%        N/A       5%          7
 Summon Hydra             Summ           33%        N/A       78%         7
 Discord                  Hex            62%        N/A       28%         8
 Disjunction              Tloc           55%        N/A       65%         8
 Shatter                  Erth           67%        3d49*     100%        9


Dungeon Overview and Level Annotations

Branches:
Dungeon (15/15) Zot: 25115  Temple (0/1) D:4            Lair (5/5) D:11 Zot: 21992
  Swamp (4/4) Lair:2 Zot: 16335   Snake (1/4) Lair:3 Zot: 5828   Slime (0/5) Lair:4
    Orc (2/2) D:12 Zot: 9516     Elf (0/3) Orc:2        Vaults (0/5) D:13
 Depths (0/4) D:15        Ossuary (visited)          Bailey (visited)
  IceCv (visited)

Altars:
Elyvilon
Fedhas
Gozag
Okawaru
Qazlal
Trog
Uskayaw
Yredelemnul
Zin
The Shining One
Jiyva

Shops:
D:6 :   D:10 :   D:14 *   Orc:1 *   Orc:2 ***[[[!(?==   Lair:5 =*

Portals:
Trove: D:12 (give 8 potions of haste)

Annotations:
Swamp:2 exclusion: downstairs
Snake:1 Roxanne


Innate Abilities, Weirdness & Mutations

You are a living statue of rough stone.
Your actions are slow, but your melee attacks are powerful.
You are resistant to unholy torment.
Your maximum health is greatly increased.
You are immune to poison.
You cannot wear most types of armour.
You are amphibious.
You can wear up to eight rings at the same time.
Your skin changes colour to match your surroundings (Stealth+).
((Your rubbery body absorbs attacks. (AC +1, EV +1)))
((You are camouflaged when in or above water. (Stealth+)))
You have tentacles for arms and can constrict up to eight enemies at once.
You have supernaturally acute eyesight. (SInv)
Your muscles are strong. (Str +4, Int/Dex -1)
Your spells are a little harder to cast, but a little more powerful.


Message History

You now have 36/49 mp.
Casting: Arcjolt (mildly dangerous; 1% risk of failure)
Confirm with . or Enter, or press ? or * to list all spells.
You feel a strong surge of power!
Electricity surges outward!
Roxanne resists.
Roxanne is struck by an electric surge!!
Roxanne is moderately damaged.
Roxanne mumbles some strange words.
The crystal spear hits you!!!
You take 41 damage, and have 91/152 hp.
MASSIVE DAMAGE!!
You now have 31/49 mp.
Casting: Arcjolt (mildly dangerous; 1% risk of failure)
Confirm with . or Enter, or press ? or * to list all spells.
You feel a strong surge of power!
Electricity surges outward!
Roxanne resists.
Roxanne is struck by an electric surge!
Roxanne is heavily damaged.
Roxanne casts a spell.
The crystal spear hits you!!
You take 26 damage, and have 65/152 hp.
You now have 27/49 mp.
Casting: Arcjolt (mildly dangerous; 1% risk of failure)
Confirm with . or Enter, or press ? or * to list all spells.
You feel a strong surge of power!
Electricity surges outward!
Roxanne resists.
Roxanne is struck by an electric surge!!
Roxanne is heavily damaged.
You now have 22/49 mp.
Casting: Arcjolt (mildly dangerous; 1% risk of failure)
Confirm with . or Enter, or press ? or * to list all spells.
You feel a strong surge of power!
Electricity surges outward!
Roxanne resists.
Roxanne is struck by an electric surge!
Roxanne is severely damaged.
Roxanne casts a spell.
The bolt of magma hits you! You partially resist.
Roxanne mumbles some strange words.
The crystal spear hits you!!!
* * * LOW HITPOINT WARNING * * *
You take 44 damage, and have 22/152 hp.
MASSIVE DAMAGE!!
You now have 18/49 mp.
You feel much better.
You regained 24 hp, and now have 46/152 hp.
Roxanne casts a spell.
The iron shot hits you!!!
You die...
Your body crumbles into a pile of gold.

...........####
..........)...#
..............#
.......$......##
...............#
####.>.........#
##..........#
##.........#
#.......8<#
#.....8...#
#.........#
###.####### #. $


You could see Roxanne.

Vanquished Creatures
  4 thorn hunters (Swamp:4)
  Kirke (Lair:4)
  Aizul (Swamp:1)
  An ironbound preserver (D:13)
  An orc warlord (Bailey)
  2 vampire knights (Swamp:4)
  2 very ugly things (IceCv)
  A hydra skeleton (Swamp:4)
  A stone giant (D:15)
  8 eleionomae
  7 bunyips
  3 shambling mangroves
  Josephine (D:15)
  18 hydras
  Erolcha (D:11)
  6 ghost crabs
  An ogre mage (Orc:1)
  5 boulder beetles
  9 centaur warriors
  4 two-headed ogres
  6 catoblepae
  14 alligators
  A death knight (D:15)
  9 death yaks (Lair:5)
  2 tengu warriors (D:15)
  Urug (D:13)
  A skyshark (Lair:5)
  3 goliath frogs
  A salamander mystic (Snake:1)
  Lodul (D:11)
  4 spriggan druids
  2 flayed ghosts (Swamp:4)
  8 swamp dragons
  An orange crystal statue (IceCv)
  5 bog bodies
  2 orc knights
  A lindwurm (Lair:5)
  3 deep elf pyromancers
  2 phantasmal warriors (Swamp:4)
  2 spectral hydras (Swamp:4)
  3 cyclopes
  4 oklob plants
  13 ugly things
  A wizard (D:15)
  4 salamanders (Snake:1)
  A mana viper (Snake:1)
  2 will-o-the-wisps (Swamp:3)
  5 manticores
  Maurice (D:11)
  5 black mambas
  5 elephants (Lair:4)
  3 torpor snails
  11 cane toads
  2 gargoyles (D:10)
  A rime drake (Lair:2)
  An unseen horror (shapeshifter) (D:14)
  5 freezing wraiths
  An efreet (D:15)
  An unseen horror (D:13)
  8 komodo dragons
  A tengu conjurer (D:15)
  3 trolls
  An anaconda simulacrum (IceCv)
  2 death drake zombies (Swamp:4)
  4 hydra zombies (Swamp:4)
  2 polar bears (Lair:5)
  8 tyrant leeches
  12 hornets
  9 dream sheep (Lair:5)
  8 blink frogs
  21 slime creatures
  4 shadows
  2 vampires
  73 yaks
  11 wraiths
  2 dire elephant simulacra (IceCv)
  11 spriggans
  6 hogs (Lair:4)
  6 wyverns
  6 basilisks
  2 humans (D:12)
  A human (shapeshifter) (D:14)
  18 vampire mosquitoes
  19 swamp worms
  2 wargs
  2 harpy simulacra (IceCv)
  The ghost of Psyclone the Magician, an amateur OpVM (D:3)
  6 nagas
  2 acid dragons (D:10)
  4 hydra simulacra (Swamp:4)
  13 water moccasins
  A floating eye (Orc:1)
  9 swamp drakes
  3 black bears
  54 orc warriors
  A spectral yak (Lair:2)
  2 swamp dragon zombies (Swamp:4)
  2 ice beasts
  A sky beast (D:6)
  2 hornet zombies (Ossuary)
  A black bear (shapeshifter) (D:15)
  3 alligator simulacra (IceCv)
  13 ogres
  A spectral rime drake (Lair:2)
  9 wolves (Lair:1)
  20 centaurs
  A swamp dragon skeleton (Swamp:4)
  A spectral basilisk (Lair:2)
  2 kobold brigands
  15 bullfrogs
  3 wyvern zombies
  A gnoll sergeant (D:7)
  6 scorpions
  2 spectral water moccasins (Lair:2)
  2 water moccasin zombies (Ossuary)
  7 wights
  12 killer bees
  A howler monkey (D:6)
  8 electric eels
  3 bullfrog zombies (Ossuary)
  2 centaur zombies (Ossuary)
  A gnoll bouda (D:6)
  2 jellies
  18 orc priests
  3 hounds
  2 bullfrog skeletons (D:3)
  An iguana (D:6)
  2 sleepcaps
  17 orc wizards
  4 hell rats (Lair:5)
  3 killer bee zombies (Ossuary)
  16 mummies
  2 howler monkey zombies (Ossuary)
  14 gnolls
  A howler monkey skeleton (D:3)
  9 adders
  2 shadow imps
  2 white imps (D:8)
  2 ufetubi
  3 worms
  87 orcs
  6 ball pythons
  5 bats
  4 endoplasms
  6 giant cockroaches
  18 goblins
  15 hobgoblins
  20 jackals
  10 kobolds
  4 quokkas
  A frilled lizard (D:1)
  A goblin zombie (D:4)
  An orc zombie (D:4)
  4 rats
959 creatures vanquished.

Vanquished Creatures (others)
  A spriggan (Swamp:2)
  A hornet (Swamp:2)
  A yak (D:9)
  A human (Lair:4)
  18 foxfires (Swamp:3)
22 creatures vanquished.

Grand Total: 981 creatures vanquished

Notes
Turn   | Place    | Note
-------+----------+-------------------------------------------
     0 | D:1      | Psyclone the Octopode Venom Mage began the quest for the
                  | Orb.
     0 | D:1      | Reached XP level 1. HP: 11/11 MP: 3/3
    80 | D:1      | Identified 3 scrolls of acquirement
    80 | D:1      | Acquired the ring of the Mage {Wiz Archmagi}
    80 | D:1      | Found the ring of the Mage {Wiz Archmagi}
    86 | D:1      | Acquired the ring "Yjoxom" {Contam rPois rC++ MP+9 Int+8
                  | Dex-4}
   207 | D:1      | Acquired the +3 Elemental Staff {rElec rF+ rC+ AC+3}
   207 | D:1      | Found the +3 Elemental Staff {rElec rF+ rC+ AC+3}
   478 | D:1      | Gained mutation: Your spells are a little harder to cast,
                  | but a little more powerful. [potion of mutation]
   478 | D:1      | Gained mutation: Your muscles are strong. (Str +4, Int/Dex
                  | -1) [potion of mutation]
   478 | D:1      | Gained mutation: You have supernaturally acute eyesight.
                  | (SInv) [potion of mutation]
   683 | D:1      | Reached skill level 1 in Necromancy
   788 | D:1      | Reached XP level 2. HP: 17/17 MP: 5/5
   886 | D:1      | Learned a level 2 spell: Poisonous Vapours
   996 | D:1      | Reached XP level 3. HP: 20/21 MP: 6/6
  1483 | D:2      | Reached XP level 4. HP: 17/27 MP: 7/7
  2019 | D:2      | Reached XP level 5. HP: 24/31 MP: 9/9
  2384 | D:3      | Learned a level 4 spell: Dispel Undead
  2387 | D:3      | Learned a level 2 spell: Cigotuvi's Dreadful Rot
  2606 | D:3      | Found a runed translucent gate.
  2606 | D:3      | Found a runed translucent gate.
  2606 | D:3      | Found a runed translucent gate.
  2771 | D:3      | Reached skill level 3 in Spellcasting
  2825 | D:3      | Found a glowing silver altar of Zin.
  2951 | D:3      | Noticed Psyclone's ghost (amateur OpVM)
  2969 | D:3      | Killed Psyclone's ghost
  2970 | D:3      | Reached skill level 5 in Necromancy
  2970 | D:3      | Reached XP level 6. HP: 29/36 MP: 11/11
  3112 | D:3      | Reached skill level 4 in Spellcasting
  3245 | D:4      | Reached XP level 7. HP: 41/41 MP: 14/14
  3245 | D:4      | Found a white marble altar of Elyvilon.
  3374 | D:4      | Found a glowing golden altar of the Shining One.
  3509 | D:4      | Reached skill level 5 in Spellcasting
  3520 | D:4      | Found a stormy altar of Qazlal.
  3539 | D:4      | Found a staircase to the Ecumenical Temple.
  3653 | D:4      | Found a sand-covered staircase.
  3771 | Ossuary  | Entered an ossuary
  3941 | Ossuary  | Reached skill level 6 in Spellcasting
  4076 | Ossuary  | Reached skill level 5 in Poison Magic
  4082 | Ossuary  | Reached XP level 8. HP: 46/46 MP: 10/17
  4649 | Ossuary  | Reached skill level 1 in Air Magic
  4985 | D:5      | Entered Level 5 of the Dungeon
  5122 | D:7      | Found a flagged portal.
  5137 | Bailey   | Entered a bailey
  5147 | Bailey   | Learned a level 4 spell: Olgreb's Toxic Radiance
  5160 | Bailey   | Reached XP level 9. HP: 56/56 MP: 18/18
  5468 | Bailey   | Reached skill level 5 in Fighting
  5468 | Bailey   | Reached skill level 7 in Spellcasting
  5546 | Bailey   | Noticed an orc warlord
  5548 | Bailey   | Noticed an orc knight
  5557 | Bailey   | Learned a level 3 spell: Mephitic Cloud
  5615 | Bailey   | Killed an orc warlord
  5616 | Bailey   | Reached skill level 9 in Spellcasting
  5616 | Bailey   | Reached XP level 10. HP: 41/68 MP: 9/23
  5746 | Bailey   | Reached XP level 11. HP: 72/72 MP: 24/24
  5753 | Bailey   | Learned a level 5 spell: Freezing Cloud
  5812 | Bailey   | Killed an orc knight
  6053 | D:10     | Entered Level 10 of the Dungeon
  6140 | D:9      | Identified the +7 battleaxe of Sustre {heavy, Str+5}
  6160 | D:9      | Found a bloodstained altar of Trog.
  6216 | D:9      | Noticed a two-headed ogre
  6238 | D:9      | Killed a two-headed ogre
  6373 | D:10     | Found an opulent altar of Gozag.
  6373 | D:10     | Noticed a two-headed ogre
  6386 | D:10     | Killed a two-headed ogre
  6387 | D:10     | Reached skill level 5 in Dodging
  6406 | D:10     | Became a worshipper of Gozag Ym Sagoz the Greedy
  6931 | D:10     | Found Ycypaut's Book Shoppe.
  7173 | D:6      | Found Xixtot's Book Boutique.
  7466 | D:10     | Bought a Trismegistus Codex for 338 gold pieces
  7470 | D:10     | Learned a level 3 spell: Ignite Poison
  9053 | D:6      | Bought a book of Spatial Translocations for 252 gold pieces
  9056 | D:6      | Learned a level 2 spell: Blink
  9059 | D:6      | Learned a level 2 spell: Lesser Beckoning
  9234 | D:7      | Reached skill level 1 in Fire Magic
  9234 | D:7      | Reached skill level 1 in Earth Magic
  9464 | D:7      | Identified the +8 trident "Idaugra" {freeze, Stlth+}
  9577 | D:7      | Reached XP level 12. HP: 79/79 MP: 25/25
 15234 | D:11     | Noticed a boulder beetle
 15243 | D:11     | Killed a boulder beetle
 15284 | D:11     | Noticed Lodul
 15288 | D:11     | Killed Lodul
 15289 | D:11     | Reached skill level 5 in Transmutations
 15572 | D:11     | Found a staircase to the Lair.
 15756 | D:11     | Reached XP level 13. HP: 33/82 MP: 24/26
 15997 | D:11     | Noticed Maurice
 16000 | D:11     | Killed Maurice
 16050 | D:10     | Bought Vung's Precepts of Evil and Clay for 572 gold pieces
 16050 | D:10     | Bought a book of Transfigurations for 520 gold pieces
 16073 | D:11     | Noticed Erolcha
 16076 | D:11     | Killed Erolcha
 16599 | D:10     | Bought a book of Blasting for 520 gold pieces
 17097 | D:12     | Found a staircase to the Orcish Mines.
 18032 | D:12     | Found an iron altar of Okawaru.
 18391 | D:12     | Found a portal to a secret trove of treasure.
 18441 | Orc:1    | Entered Level 1 of the Orcish Mines
 18682 | Orc:2    | Entered Level 2 of the Orcish Mines
 18682 | Orc:2    | Found Cuownes's Magic Scroll Shoppe.
 18815 | D:6      | Bought a manual of Hexes for 1120 gold pieces
 18962 | Orc:2    | Found Voallin's Antique Weapon Boutique.
 19024 | Orc:2    | Found Benloydgh's Jewellery Boutique.
 19045 | Orc:2    | Found Ozaus's Jewellery Shoppe.
 19135 | Orc:2    | Reached skill level 1 in Hexes
 19721 | Orc:1    | Found Yfont's Overcharged Wands.
 19743 | Orc:1    | Reached skill level 1 in Translocations
 20609 | Orc:2    | Found a staircase to the Elven Halls.
 20838 | Orc:2    | Found Qacsuasuka's Antique Armour Shop.
 20838 | Orc:2    | Found Toije's Antique Armour Shoppe.
 20838 | Orc:2    | Found Ulefeotz's Distillery.
 20848 | Orc:2    | Found Salolel's Antique Armour Boutique.
 20920 | Orc:2    | Found Cefigh's Specific Store.
 20922 | Orc:2    | Found Tygilis's General Store.
 20926 | Orc:2    | Found Eshryuthy's General Store.
 21155 | Lair:1   | Entered Level 1 of the Lair of Beasts
 21225 | Lair:1   | Reached XP level 14. HP: 93/93 MP: 27/27
 21670 | Lair:1   | Reached skill level 5 in Fire Magic
 22597 | Lair:2   | Found a staircase to the Swamp.
 22921 | Lair:2   | Reached skill level 5 in Earth Magic
 22926 | Lair:2   | Learned a level 4 spell: Iskenderun's Mystic Blast
 23128 | Lair:2   | Reached skill level 5 in Hexes
 24074 | Lair:3   | Found a staircase to the Snake Pit.
 25195 | Lair:4   | Found a staircase to the Slime Pits.
 25195 | Lair:4   | Found a viscous altar of Jiyva.
 25206 | Lair:4   | Reached skill level 10 in Spellcasting
 25561 | Lair:4   | Noticed Kirke
 25576 | Lair:4   | Killed Kirke
 26411 | Lair:5   | Entered Level 5 of the Lair of Beasts
 26424 | Lair:5   | Reached XP level 15. HP: 72/100 MP: 27/29
 26684 | Orc:2    | Bought a +6 ring of intelligence for 468 gold pieces
 26696 | Orc:2    | Bought a +6 ring of intelligence for 648 gold pieces
 26895 | Lair:5   | Bought a ring of wizardry for 420 gold pieces
 27177 | Lair:5   | Reached skill level 11 in Spellcasting
 28420 | Lair:5   | Reached skill level 12 in Spellcasting
 28857 | Lair:5   | Got the Compilation of Entrancing Wounds
 28891 | Lair:5   | Learned a level 6 spell: Statue Form
 29210 | D:13     | Identified the +0 robe of the King of the Hill {rC+ Int+3
                  | SInv}
 29334 | D:13     | Noticed Urug
 29336 | D:13     | Killed Urug
 29337 | D:13     | Reached skill level 13 in Spellcasting
 29395 | D:13     | Found a gate to the Vaults.
 29527 | D:13     | HP: 3/100 [manticore/volley of spikes (10)]
 31210 | D:14     | Found a hide-covered altar of Uskayaw.
 31252 | D:14     | Reached skill level 14 in Spellcasting
 31479 | D:14     | Found a basalt altar of Yredelemnul.
 31509 | D:14     | Acquired 877 gold pieces
 31518 | D:14     | Reached XP level 16. HP: 39/106 MP: 33/34
 32177 | D:14     | Bought a scroll labelled ZUYR ICKIOV for 32 gold pieces
 32177 | D:14     | Bought an emerald potion for 28 gold pieces
 32177 | D:14     | Bought a scroll labelled DOJANAYNAA for 32 gold pieces
 32190 | D:15     | Entered Level 15 of the Dungeon
 32203 | D:15     | Identified the +4 rapier of the Bouncing Spines {flame,
                  | Will+ Int+4}
 32761 | D:15     | Reached skill level 15 in Spellcasting
 32765 | D:15     | Learned a level 3 spell: Swiftness
 32912 | D:15     | Noticed Josephine
 32917 | D:15     | Killed Josephine
 33390 | D:15     | Found a staircase to the Depths.
 33785 | Swamp:1  | Entered Level 1 of the Swamp
 33806 | Swamp:1  | Noticed Aizul
 33807 | Swamp:1  | You fall into a shaft and drop 1 floor!
 33854 | Swamp:1  | Reached skill level 16 in Spellcasting
 33860 | Swamp:1  | Killed Aizul
 33993 | Swamp:1  | Found a frozen archway.
 34028 | Swamp:1  | Learned a level 5 spell: Arcjolt
 34108 | IceCv    | Entered an ice cave
 34116 | IceCv    | Found a transporter.
 34176 | IceCv    | Found a transporter.
 34184 | IceCv    | Identified the +3 sling of the Vulture {heavy, +Blink rElec
                  | rPois rC+}
 34210 | IceCv    | Identified the +3 rapier "Udalocif" {heavy, Fragile Str+2
                  | Stlth+}
 34211 | IceCv    | Identified the ring "Wonnuxuv" {Ice rCorr MP+9 Str-2 SInv}
 34395 | Swamp:1  | Reached skill level 5 in Air Magic
 34539 | Swamp:1  | Identified the staff of fire "Unakant" {rF+ Dex+2}
 35363 | Swamp:2  | Identified the +2 trident of the Pit {flame, Contam rElec
                  | Int+3 Dex+3}
 35474 | Swamp:2  | Reached XP level 17. HP: 111/111 MP: 33/37
 37844 | Swamp:4  | Entered Level 4 of the Swamp
 37851 | Swamp:4  | Reached skill level 17 in Spellcasting
 39238 | Swamp:4  | Paralysed by a vampire knight for 3 turns
 39442 | Swamp:4  | Reached skill level 18 in Spellcasting
 39446 | Swamp:4  | Paralysed by a vampire knight for 3 turns
 39739 | Swamp:4  | Reached skill level 5 in Translocations
 40026 | Swamp:4  | Found a basalt altar of Yredelemnul.
 40066 | Swamp:4  | Found a blossoming altar of Fedhas.
 40154 | Swamp:4  | Got a decaying rune of Zot
 40357 | Snake:1  | Entered Level 1 of the Snake Pit
 40357 | Snake:1  | Identified Roxanne's Tractate on Evolution
 40357 | Snake:1  | Noticed Roxanne
 40365 | Snake:1  | Reached XP level 18. HP: 117/117 MP: 17/40
 40625 | Snake:1  | Killed from afar by Roxanne

Illustrated notes

Levels and vault maps discovered:
D:1:      spicycebolla_arrival_ecumenical, layout_loops_ring
D:2:      layout_basic
D:3:      layout_rooms, mainiacjoe_overflow_paths, gammafunk_ghost_necromancy
D:4:      layout_rooms, tso_metal_star, mainiacjoe_overflow_catwalk,
          elyvilon_altar_5, minmay_temple_entry_stoned_glass,
          nicolae_ossuary_entry_giza, minmay_misc_feat_square, minivault_4
D:5:      layout_basic
D:6:      kennysheep_six_static_rooms, layout_basic, serial_shops,
          nicolae_shop_stone, serial_bayou_lagoon_b
D:7:      layout_basic, enter_bailey_2
D:8:      minmay_recursive_quarters, layout_layer_cave
D:9:      layout_gridville, trog_book
D:10:     kb_forest_paths, layout_basic,
          nicolae_gozag_cash_rules_everything_around_me, serial_shops, shop,
          minmay_tree_intersection, kennysheep_path_1
D:11:     layout_loops_ring, grunt_lair_entry_orc_guard_hut, uniq_lodul,
          uniq_erolcha, uniq_maurice
D:12:     layout_roguey, erik_orc_3, nicolae_trove_entry_diagonal,
          okawaru_humans
D:13:     layout_roguey, skrybe_vaults_entry_preservation, uniq_urug
D:14:     layout_basic, yredelemnul_altar_generic,
          nicolae_uskayaw_murder_on_the_dancefloor
D:15:     grunt_enter_depths_snipers, layout_irregular_city, uniq_josephine
Lair:1:   layout_regular_city, grunt_megastairs_4
Lair:2:   layout_hall_layers, nicolae_swamp_entry_spooky,
          chequers_serial_rivers_large_a, disabler_island
Lair:3:   layout_roguey, minmay_snake_entry_guardpost_small, beast_lair_carwin_8
Lair:4:   onia_ninara_swampy_vault, layout_loops_ring, slime_entry_1,
          st_stairs_8, uniq_kirke
Lair:5:   evilmike_catoblepas_cave, layout_regular_city, lemuel_fruit_tree,
          grunt_megastairs_3
Swamp:1:  layout_falls_marsh, portal_ice_cave_entry_frozen_things,
          serial_swamp_ruin, evilmike_swamp_ruin_house_3,
          evilmike_swamp_ruin_house_6, infiniplex_staircase_pool_2, uniq_aizul
Swamp:2:  layout_basic_swamp, evilmike_swamp_ruin_house_4, swamp_pool1,
          nicolae_swamp_stuck_in_the_mud, infiniplex_staircase_pool
Swamp:3:  layout_basic_swamp, hangedman_swamp_ruin_wall
Swamp:4:  byrel_swamp_growth_death_and_undeath, layout_basic_swamp
Snake:1:  layout_rooms, nicolae_triple_integral, uniq_rupert, uniq_roxanne
Orc:1:    hellmonk_paralyzer, layout_caves, nicolae_shop_overcharged_wands
Orc:2:    st_orc_rangers, layout_caves, serial_shops, shop, shop,
          nicolae_shop_behind_doors, nicolae_shop_pleasant_corner_grove,
          nicolae_shop_tiny_waterfront, nicolae_specific_store

Skill      XL: |  1  2  3  4  5  6  7  8  9 10 11 12 13 14 15 16 17 18 |
---------------+-------------------------------------------------------+-----
Necromancy     | 1 2 3 5 6 |  6.0
Spellcasting   | 3 4 6 9 10 14 16 18 | 18.0
Poison Magic   | 5 8 9 |  9.0
Air Magic      | 3 8 9 |  9.0
Fighting       | 3 6 7 8 |  8.8
Conjurations   | 7 8 9 |  9.0
Ice Magic      | 7 8 9 |  9.0
Dodging        | 7 8 9 |  9.0
Transmutations | 2 5 7 8 |  8.8
Fire Magic     | 1 3 4 5 6 |  6.2
Earth Magic    | 1 3 4 5 6 |  6.1
Hexes          | 3 7 9 |  9.0
Translocations | 1 3 6 |  6.0
Stealth        | |  2.6

Action                     |  1- 3 |  4- 6 |  7- 9 | 10-12 | 13-15 | 16-18 || total
---------------------------+-------+-------+-------+-------+-------+-------++-------
  Melee: Staff             |    36 |    27 |    19 |    26 |    41 |    82 ||   231
         Constrict         |     4 |    11 |     6 |     8 |     8 |     4 ||    41
         Tentacles         |     2 |     5 |     7 |     7 |    11 |    21 ||    53
         Punch             |     1 |       |     1 |     1 |     1 |     1 ||     5
   Cast: Sting             |    21 |     3 |     5 |     5 |       |       ||    34
         Poisonous Vapours |     7 |    42 |    31 |    70 |   170 |    98 ||   418
         Dispel Undead     |       |     7 |    46 |    16 |    14 |    44 ||   127
         Olgreb's Toxic Ra |       |       |     9 |    43 |    61 |    18 ||   131
         Cigotuvi's Dreadf |       |       |     5 |     4 |       |       ||     9
         Mephitic Cloud    |       |       |     1 |     3 |     1 |       ||     5
         Ignite Poison     |       |       |       |    53 |   161 |    75 ||   289
         Freezing Cloud    |       |       |       |    16 |    87 |    83 ||   186
         Lesser Beckoning  |       |       |       |     1 |       |       ||     1
         Blink             |       |       |       |       |     5 |       ||     5
         Iskenderun's Myst |       |       |       |       |     9 |    66 ||    75
         Statue Form       |       |       |       |       |     5 |    56 ||    61
         Arcjolt           |       |       |       |       |       |    20 ||    20
         Swiftness         |       |       |       |       |       |     1 ||     1
 Invoke: Call Merchant     |       |       |       |       |     2 |     1 ||     3
    Use: Scroll            |     3 |       |       |       |     3 |    26 ||    32
         Potion            |     1 |       |       |     1 |     3 |     7 ||    12
   Stab: Sleeping          |     3 |     1 |       |       |       |       ||     4
         Petrified         |       |       |       |       |       |     1 ||     1
 Armour: Skin              |    17 |     6 |     9 |    12 |    29 |   486 ||   559
  Dodge: Dodged            |    35 |    14 |    37 |    77 |   122 |   369 ||   654
